 Dungeon Crawl Stone Soup version 0.24-a0-375-g4de66ed42b (webtiles) character file.

Game seed: 3476469651537964582

458435 Azzok the Executioner (level 24, -11/156 HPs)
             Began as a Gargoyle Fighter on May 31, 2019.
             Was the Champion of Okawaru.
             Mangled by a caustic shrike simulacrum (30 damage)
             ... on level 4 of the Depths.
             The game lasted 01:52:51 (54247 turns).

Azzok the Executioner (Gargoyle Fighter)           Turns: 54247, Time: 01:52:51

Health: -11/156    AC: 44    Str: 30    XL:     24   Next: 43%
Magic:  34/34      EV: 12    Int:  9    God:    Okawaru [******]
Gold:   2714       SH:  0    Dex: 13    Spells: 23/23 levels left

rFire    + . .     SeeInvis +   a - +3 executioner's axe (flame)
rCold    . . .     Gourm    .   (shield currently unavailable)
rNeg     + + .     Faith    +   V - +1 chain mail {rF+}
rPois    ∞         Spirit   .   g - +0 helmet {SInv}
rElec    +         Reflect  .   R - +2 cloak of Magic {rPois Regen+}
rCorr    +         Harm     .   S - +2 pair of gloves of Creativity {Dex+4}
MR       +++..                  h - +1 pair of boots "Xeretsun" {rN+ MR++}
Stlth    ..........             k - amulet of faith
HPRegen  0.76/turn              Y - ring of resist corrosion
MPRegen  0.24/turn              o - +6 ring of slaying

@: heroism, flying
A: big wings, deformed body, negative energy resistance 1, electricity
resistance, weak 1, unbreathing, petrification resistance, rot immunity, AC +18
}: 2/15 runes: decaying, gossamer
a: Stop Flying, Heroism, Finesse, Renounce Religion


You were on level 4 of the Depths.
You worshipped Okawaru.
Okawaru was exalted by your worship.
You were not hungry.

You visited 9 branches of the dungeon, and saw 42 of its levels.
You also visited: Ossuary, Bailey and Desolation.

You collected 5790 gold pieces.
You spent 3076 gold pieces at shops.

Inventory:

Hand Weapons
 a - a +3 executioner's axe of flaming (weapon)
 b - the +7 executioner's axe of Currency {antimagic, Str-4 Int-4 Dex+8 SInv}
   (Okawaru gifted it to you on level 2 of the Spider Nest)

   It reduces the magical energy of the wielder, and disrupts the spells and
   magical abilities of those hit.
   Natural abilities and divine invocations are not affected.
   It affects your strength (-4).
   It affects your intelligence (-4).
   It affects your dexterity (+8).
   It lets you see invisible.
Armour
 c - the +7 plate armour of Sif Muna's Approval {rC++ Dex-2 SInv}
   (You found it in the Desolation of Salt)

   It affects your dexterity (-2).
   It greatly protects you from cold.
   It lets you see invisible.
 g - a +0 helmet of see invisible (worn)
 h - the +1 pair of boots "Xeretsun" (worn) {rN+ MR++}
   (You found it on level 9 of the Dungeon)

   It protects you from negative energy.
   It affects your resistance to hostile enchantments.
 R - the +2 cloak of Magic (worn) {rPois Regen+}
   (Okawaru gifted it to you on level 13 of the Dungeon)

   It protects you from poison.
   It increases your rate of regeneration.
 S - the +2 pair of gloves of Creativity (worn) {Dex+4}
   (You found it on level 1 of the Swamp)

   It affects your dexterity (+4).
 V - a +1 chain mail of fire resistance (worn)
Jewellery
 k - an amulet of faith (around neck)
 o - a +6 ring of slaying (right hand)
 A - the ring "Donyc" {rC+ rN+ Str+3 Int-2 Stlth+}
   (You found it in the Desolation of Salt)

   [ring of stealth]

   It affects your strength (+3).
   It affects your intelligence (-2).
   It protects you from cold.
   It protects you from negative energy.
   It makes you more stealthy.
 Y - a ring of resist corrosion (left hand)
Wands
 y - a wand of paralysis (42)
 B - a wand of clouds (6)
 I - a wand of disintegration (28)
 M - a wand of digging (9)
 X - a wand of iceblast (58)
Scrolls
 e - 3 scrolls of identify
 i - 21 scrolls of remove curse
 m - 12 scrolls of enchant weapon
 q - 5 scrolls of enchant armour
 r - 28 scrolls of teleportation
 t - 10 scrolls of immolation
 w - a scroll of holy word
 D - 4 scrolls of summoning
 F - 10 scrolls of amnesia
 J - 4 scrolls of fog
 P - 3 scrolls of blinking
 T - 6 scrolls of fear
 W - 4 scrolls of magic mapping
Potions
 d - 4 potions of might
 j - 5 potions of ambrosia
 l - 3 potions of cancellation
 n - 8 potions of heal wounds
 p - 3 potions of invisibility
 s - 8 potions of haste
 u - 6 potions of mutation {!q}
 v - 3 potions of flight
 x - 8 potions of agility
 C - 14 potions of curing
 E - 8 potions of lignification
 K - 3 potions of berserk rage
 U - 3 potions of resistance
Miscellaneous
 O - a lamp of fire
 Q - a lightning rod (4/4)
Comestibles
 f - 61 rations


   Skills:
 + Level 17.4(22.4) Fighting
 - Level 26.0(27) Axes
 + Level 17.4(22.4) Armour
   Level 3.2(8.2) Shields
 - Level 10.2 Invocations
 - Level 15.0 Evocations


You had 23 spell levels left.
You didn't know any spells.
Your spell library contained the following spells:

 Spells                   Type           Power        Failure   Level  Hunger
 Animate Skeleton         Necr           N/A          67%         1    ##.....
 Corona                   Hex            #......      67%         1    ##.....
 Magic Dart               Conj           #...         67%         1    ##.....
 Pain                     Necr           #...         67%         1    ##.....
 Sandblast                Erth           #.....       67%         1    ##.....
 Summon Butterflies       Summ           #.......     67%         1    ##.....
 Summon Small Mammal      Summ           #...         67%         1    ##.....
 Blink                    Tloc           N/A          82%         2    ###....
 Call Imp                 Summ           #.......     82%         2    ###....
 Ensorcelled Hibernation  Hex/Ice        #.....       82%         2    ###....
 Passwall                 Tmut/Erth      #.......     82%         2    ###....
 Slow                     Hex            #.......     82%         2    ###....
 Conjure Flame            Conj/Fire      #.......     96%         3    ####...
 Gell's Gravitas          Tloc           #.........   96%         3    ####...
 Ignite Poison            Fire/Tmut/Pois #.......     96%         3    ####...
 Mephitic Cloud           Conj/Pois/Air  #.......     96%         3    ####...
 Portal Projectile        Hex/Tloc       #.....       96%         3    ####...
 Regeneration             Chrm/Necr      #.........   96%         3    ####...
 Spider Form              Tmut/Pois      #.........   96%         3    ####...
 Static Discharge         Conj/Air       #.......     96%         3    ####...
 Stone Arrow              Conj/Erth      #.....       96%         3    ####...
 Vampiric Draining        Necr           #.........   96%         3    ####...
 Animate Dead             Necr           N/A          100%        4    #####..
 Force Lance              Conj/Tloc      #.......     100%        4    #####..
 Leda's Liquefaction      Hex/Erth       #.........   100%        4    #####..
 Summon Lightning Spire   Summ/Air       #.......     100%        4    #####..
 Bolt of Magma            Conj/Fire/Erth #.........   100%        5    ######.
 Borgnjor's Vile Clutch   Necr/Erth      #.........   100%        5    ######.
 Fireball                 Conj/Fire      #.........   100%        5    ######.
 Irradiate                Conj/Tmut      #.........   100%        5    ######.
 Silence                  Hex/Air        #.........   100%        5    ######.
 Venom Bolt               Conj/Pois      #.........   100%        5    ######.
 Yara's Violent Unravell  Hex/Tmut       #.........   100%        5    ######.
 Bolt of Fire             Conj/Fire      #.........   100%        6    #######
 Darkness                 Hex            #.........   100%        6    #######
 Dispersal                Tloc           #.........   100%        6    #######
 Iron Shot                Conj/Erth      #.........   100%        6    #######
 Shadow Creatures         Summ           N/A          100%        6    #######
 Ring of Flames           Chrm/Fire      #.........   100%        7    #######
 Summon Hydra             Summ           #.........   100%        7    #######
 Controlled Blink         Tloc           N/A          100%        8    #######
 Disjunction              Tloc           #.........   100%        8    #######
 Ignition                 Fire           #.........   100%        8    #######
 Dragon's Call            Summ           #.........   100%        9    #######
 Shatter                  Erth           #.........   100%        9    #######
 Statue Form              Tmut/Erth      Unusable     N/A         6    N/A

Dungeon Overview and Level Annotations

Branches:
Dungeon (15/15)            Temple (1/1) D:6            Lair (6/6) D:9
  Swamp (4/4) Lair:4       Spider (4/4) Lair:3        Slime (0/5) Lair:5
    Orc (2/2) D:9             Elf (1/3) Orc:2        Vaults (4/5) D:14
  Crypt (0/3) Vaults:2     Depths (5/5) D:15
    Zot: Depths:5

Altars:
Ashenzari
Cheibriados
Dithmenos
Elyvilon
Fedhas
Gozag
Hepliaklqana
Kikubaaqudgha
Makhleb
Nemelex Xobeh
Okawaru
Qazlal
Ru
Sif Muna
Trog
Uskayaw
Vehumet
Wu Jian
Xom
Yredelemnul
Zin
The Shining One
Beogh
Jiyva

Shops:
D:14 *   Orc:1 %   Orc:2 (*[:   Vaults:2 **   Vaults:4 (   Depths:2 %

Portals:
Hell: Depths:1 Depths:2 Depths:3 Depths:4 Depths:5
Abyss: Depths:4
Pandemonium: Depths:1 Depths:3
Ziggurat: Depths:5

Annotations:
Lair:5 exclusion: 4 oklob plants


Innate Abilities, Weirdness & Mutations

You are resistant to torment.
Your stone body is resilient. (AC +18)
You are immune to poison.
Your large and strong wings let you fly indefinitely.
You resist negative energy. (rN+)
You are resistant to electric shocks. (rElec)
You can survive without breathing.
You are immune to petrification.
You are immune to rotting.
Armour fits poorly on your strangely shaped body.
You are weak. (Str -2)


Message History

You are splashed with acid.
You resist.
* * * LOW HITPOINT WARNING * * *
The caustic shrike claws you but does no damage.
You miss the caustic shrike.
The caustic shrike is almost dead.
The caustic shrike claws you but does no damage.
You closely miss the caustic shrike.
The caustic shrike is almost dead.
The caustic shrike claws you but does no damage. x2
You chop the caustic shrike into pieces!!!
You burn the caustic shrike.
You kill the caustic shrike!
Okawaru accepts your kill.
A freezing mist starts to gather...
A caustic shrike simulacrum comes into view.
You completely miss the caustic shrike simulacrum.
The caustic shrike simulacrum claws you!
* * * LOW HITPOINT WARNING * * *
The caustic shrike simulacrum freezes you!!
You die...

···▒ ▒···▒ ▒·····················
···▒▒▒▒∩▒▒▒▒·····················
····▒▒▒▒▒▒▒······················
·····▒▒▒▒▒(······················
··············(··················
·········(·······················
·······(·························
···············)··········▒▒▒▒···
················@Z···············
·································
·····(···························
·································
····(((·▒▒···▒▒▒▒▒·▒▒▒▒▒▒▒▒▒·▒▒▒▒
········▒▒▒··▒··▒··▒·▒·▒▒·······▒
········)(···▒·▒))▒▒··▒▒··▒▒▒▒▒··
·············▒·▒▒······▒·▒▒)···▒·
·▒▒▒··▒▒▒▒···▒▒·▒▒·▒·▒·▒·▒)··(·▒·


You could see a caustic shrike simulacrum.

Vanquished Creatures
  Mennas (Depths:4)
  Bai Suzhen (Spider:3)
  6 caustic shrikes
  Nikola (Swamp:4)
  2 golden dragons
  A tentacled monstrosity (Depths:4)
  Rupert (D:15)
  3 liches
  Jorgrun (D:15)
  A quicksilver dragon (Depths:4)
  3 thorn hunters (Swamp:4)
  Agnes (D:14)
  Kirke (Spider:1)
  8 tengu reavers
  2 storm dragons (Depths:4)
  4 fire giants
  The ghost of Ekoesut the Tortoise, an adept GrFi of Qazlal (Swamp:3)
  10 frost giants
  2 iron dragons
  2 ghost moths (Spider:4)
  4 orc warlords
  2 deep elf sorcerers
  7 emperor scorpions
  2 imperial myrmidons (Desolation)
  A caustic shrike zombie (Depths:2)
  A deep elf elementalist (Elf:1)
  8 vault wardens
  Aizul (Spider:1)
  2 angels (Elf:1)
  11 ironheart preservers
  3 spriggan defenders
  A draconian annihilator (Depths:5)
  2 entropy weavers
  A reaper (Depths:1)
  The ghost of Pamm the Cruncher, a journeyman NaWz of Kikubaaqudgha (Lair:4)
  17 very ugly things
  20 stone giants
  3 vampire knights
  Nessos (D:15)
  23 slime creatures
  A yellow draconian (Depths:5)
  3 deep elf annihilators
  A red draconian (Depths:5)
  Azrael (D:14)
  5 dire elephants (Lair:6)
  2 halazid warlocks (Desolation)
  2 spark wasps
  A spark wasp (shapeshifter) (Depths:4)
  10 ettins
  11 fire dragons
  4 crystal guardians
  A merfolk impaler (Depths:1)
  Josephine (Orc:2)
  17 ogre magi
  7 servants of whispers (Desolation)
  8 ragged hierophants (Desolation)
  A deep elf high priest (Elf:1)
  10 yaktaur captains
  Erolcha (D:12)
  6 great orbs of eyes
  2 rakshasas
  3 vault guards
  4 ice dragons
  4 shambling mangroves
  A ghost crab (Swamp:2)
  23 hydras
  An anaconda (Lair:6)
  13 peacekeepers (Desolation)
  2 death knights (Vaults:4)
  6 centaur warriors
  2 spriggan air magi
  A dancing weapon (Elf:1)
  13 alligators
  4 death yaks (Lair:5)
  Urug (D:11)
  9 deep troll earth magi
  3 tengu warriors
  2 vampire magi (Depths:1)
  47 two-headed ogres
  3 spriggan berserkers
  4 deep troll shamans
  9 orc high priests
  3 deep elf knights
  A soul eater (Vaults:2)
  A titan skeleton (Depths:2)
  2 iron trolls (Depths:2)
  11 swamp dragons
  A skeletal warrior (Vaults:4)
  3 shadow wraiths
  25 deep trolls
  14 hell knights
  11 deep elf archers
  An unseen horror (shapeshifter) (Depths:4)
  4 unseen horrors
  A spriggan druid (Swamp:3)
  3 wizards
  6 glowing orange brains
  3 lindwurms
  4 flayed ghosts
  A sphinx zombie (Depths:2)
  4 harpies (Vaults:2)
  22 ironbrand convokers
  A golden dragon skeleton (Depths:2)
  26 deep elf magi
  15 orb spiders
  22 orc knights
  29 wolf spiders
  8 necromancers
  2 shining eyes (shapeshifter)
  34 ugly things
  8 orc sorcerers
  A wolf spider (shapeshifter) (Vaults:1)
  A cyclops (shapeshifter) (Vaults:3)
  2 manticores (D:12)
  7 cyclopes
  A sphinx skeleton (Depths:2)
  6 black mambas
  12 moths of wrath
  2 guardian serpents (shapeshifter) (Vaults:1)
  An iron dragon skeleton (Depths:2)
  Joseph (D:7)
  17 elephants
  A black mamba (shapeshifter) (Depths:1)
  A spiny frog (shapeshifter) (Vaults:1)
  A rust devil (Depths:1)
  9 vault sentinels
  An orange demon (Depths:1)
  2 torpor snails
  21 spiny frogs
  5 spectral swamp worms (Depths:2)
  4 gargoyles
  2 efreet
  9 komodo dragons
  6 freezing wraiths
  A rime drake (Lair:5)
  5 demonic crawlers
  A kobold demonologist (D:12)
  38 yaktaurs
  12 trolls
  A troll (shapeshifter) (Vaults:4)
  A polar bear (Lair:5)
  2 hellwings (Depths:1)
  4 tengu conjurers
  27 jumping spiders
  A tengu simulacrum (Vaults:3)
  A jumping spider (shapeshifter) (Depths:2)
  7 bog bodies
  21 tyrant leeches
  Grinder (D:3)
  A blink frog (shapeshifter) (Vaults:1)
  56 saltlings (Desolation)
  16 blink frogs
  13 hippogriffs
  A meliai zombie (D:14)
  A flying skull (Vaults:2)
  12 spriggans
  2 shadows (D:11)
  An ettin skeleton (Depths:2)
  2 air elementals (Elf:1)
  Sigmund (D:3)
  49 redbacks
  25 tarantellas
  12 hornets
  2 fire elementals
  2 spriggans (shapeshifter)
  A tarantella (shapeshifter) (Depths:5)
  4 water elementals (Depths:3)
  3 hogs
  57 yaks
  10 wraiths
  A basilisk (D:14)
  5 wyverns
  A human (D:7)
  Grum (D:8)
  24 vampire mosquitoes
  A hungry ghost (D:11)
  A neqoxec (Depths:1)
  16 wargs
  2 acid dragons
  7 insubstantial wisps
  A soldier ant (shapeshifter) (Depths:1)
  A soldier ant (D:13)
  3 hell hounds (D:14)
  22 swamp worms
  A floating eye (shapeshifter) (Depths:4)
  2 floating eyes
  8 porcupines
  7 water moccasins
  61 orc warriors
  7 swamp drakes
  3 black bears
  An ice beast (D:6)
  4 sky beasts
  46 ogres
  A necrophage (D:13)
  2 phantoms
  6 wolves
  An eye of draining (D:11)
  11 centaurs
  13 boggarts
  8 crocodiles
  A crocodile (shapeshifter) (Vaults:3)
  A big kobold (D:8)
  An elf zombie (Ossuary)
  17 bullfrogs
  An elf simulacrum (Vaults:1)
  A gnoll sergeant (D:7)
  2 wyvern zombies (D:10)
  An earth elemental (Elf:1)
  A wyvern skeleton (D:11)
  A hornet simulacrum (Vaults:1)
  A water moccasin skeleton (D:4)
  2 scorpions
  A wight (D:12)
  3 electric eels
  14 crimson imps
  2 bullfrog zombies
  20 orc priests
  4 jellies
  41 orc wizards
  2 hounds
  2 centaur skeletons
  A gnoll shaman (D:6)
  3 iguanas
  Natasha (thrice) (D:3)
  9 worker ants
  A killer bee zombie (D:8)
  3 big kobold zombies (Ossuary)
  A hound zombie (D:10)
  3 mummies
  Robin (D:3)
  A howler monkey skeleton (D:5)
  17 gnolls
  17 adders
  4 shadow imps
  3 white imps (D:8)
  An ooze (D:1)
  An adder skeleton (D:5)
  4 worms
  2 dart slugs
  4 leopard geckos
  103 orcs
  4 giant cockroaches
  5 gnoll zombies (Ossuary)
  10 goblins
  12 hobgoblins
  9 jackals
  17 kobolds
  4 quokkas
  4 ball pythons
  11 bats
  6 frilled lizards
  A goblin zombie (Ossuary)
  4 hobgoblin zombies
  A kobold (shapeshifter) (Depths:4)
  A leopard gecko skeleton (D:4)
  2 leopard gecko zombies
  2 orc zombies (Ossuary)
  A quokka skeleton (D:9)
  6 rats
  6 briar patches (Swamp:4)
  2 plants (Lair:6)
1863 creatures vanquished.

Vanquished Creatures (others)
  A two-headed ogre (Vaults:2)
  A demonic crawler (Spider:1)
  A yaktaur (Vaults:1)
  A hornet (Swamp:4)
  A human (Spider:1)
  A swamp drake (Swamp:4)
  An orc warrior (D:15)
  An ogre (Vaults:2)
  A boggart (Depths:3)
  A big kobold (D:7)
  An orc wizard (Orc:2)
  3 orcs
  6 kobolds (D:7)
  2 briar patches (Swamp:4)
  23 fungi
  9 plants
54 creatures vanquished.

Grand Total: 1917 creatures vanquished

Notes
Turn   | Place    | Note
-------+----------+-------------------------------------------
     0 | D:1      | Azzok the Gargoyle Fighter began the quest for the Orb.
     0 | D:1      | Reached XP level 1. HP: 14/14 MP: 1/1
    38 | D:1      | Reached skill level 2 in Axes
    42 | D:1      | Reached XP level 2. HP: 19/19 MP: 2/2
   134 | D:1      | Reached skill level 3 in Axes
   244 | D:1      | Reached XP level 3. HP: 23/23 MP: 3/3
   912 | D:2      | Reached XP level 4. HP: 28/28 MP: 4/4
   982 | D:2      | Reached skill level 4 in Axes
  1012 | D:2      | Found a blossoming altar of Fedhas.
  1017 | D:2      | Found an ancient bone altar of Kikubaaqudgha.
  1031 | D:2      | Found a bloodstained altar of Trog.
  1251 | D:3      | Noticed Natasha
  1262 | D:3      | Killed Natasha
  1263 | D:3      | Noticed Natasha
  1270 | D:3      | Killed Natasha
  1270 | D:3      | Reached XP level 5. HP: 27/32 MP: 5/5
  1271 | D:3      | Noticed Natasha
  1446 | D:3      | Killed Natasha
  1446 | D:3      | Reached skill level 5 in Axes
  1489 | D:3      | Noticed Sigmund
  1501 | D:3      | Killed Sigmund
  1501 | D:3      | Reached skill level 6 in Axes
  1501 | D:3      | Reached XP level 6. HP: 28/37 MP: 6/6
  1640 | D:3      | Reached XP level 7. HP: 20/41 MP: 7/7
  1886 | D:3      | Found a glowing golden altar of the Shining One.
  1887 | D:3      | Found a stormy altar of Qazlal.
  1887 | D:3      | Found a radiant altar of Vehumet.
  1964 | D:3      | Noticed Grinder
  1975 | D:3      | Killed Grinder
  1975 | D:3      | Reached skill level 7 in Axes
  2294 | D:3      | Noticed Robin
  2298 | D:3      | Killed Robin
  2707 | D:4      | Reached skill level 8 in Axes
  2713 | D:4      | Reached XP level 8. HP: 41/46 MP: 8/8
  2872 | D:4      | Found a sand-covered staircase.
  2880 | Ossuary  | Entered an ossuary
  3517 | D:5      | Entered Level 5 of the Dungeon
  3969 | D:5      | Reached skill level 5 in Fighting
  3969 | D:5      | Reached skill level 5 in Armour
  4173 | D:5      | Reached skill level 9 in Axes
  4527 | D:6      | Reached XP level 9. HP: 51/54 MP: 9/9
  4563 | D:6      | Reached skill level 1 in Evocations
  4629 | D:6      | Found a staircase to the Ecumenical Temple.
  4638 | Temple   | Entered the Ecumenical Temple
  5843 | D:7      | Reached XP level 10. HP: 63/63 MP: 12/12
  5864 | D:7      | Noticed Joseph
  5906 | D:7      | Killed Joseph
  6601 | D:8      | Noticed Grum
  6616 | D:8      | Killed Grum
  6795 | D:8      | Reached skill level 10 in Axes
  8309 | D:9      | Got a pair of translucent boots
  8310 | D:9      | Identified the +1 pair of boots "Xeretsun" {rN+ MR++} (You
                  | found it on level 9 of the Dungeon)
  8346 | D:9      | Found a flagged portal.
  8353 | Bailey   | Entered a bailey
  8373 | Bailey   | Noticed an orc knight
  8390 | Bailey   | Killed an orc knight
  8390 | Bailey   | Reached skill level 5 in Evocations
  8428 | Bailey   | Found a bloodstained altar of Trog.
  8496 | D:9      | Found a staircase to the Lair.
  8896 | D:9      | Found a staircase to the Orcish Mines.
  8903 | D:9      | Reached XP level 11. HP: 65/69 MP: 15/15
  8920 | D:9      | Found an iron altar of Okawaru.
  9162 | D:9      | Found a basalt altar of Yredelemnul.
  9167 | D:9      | Became a worshipper of Warmaster Okawaru
  9471 | D:10     | Entered Level 10 of the Dungeon
  9483 | D:10     | Reached skill level 1 in Invocations
  9519 | D:10     | Noticed a two-headed ogre
  9544 | D:10     | Killed a two-headed ogre
  9711 | D:10     | Reached * piety under Okawaru
  9857 | D:10     | Reached skill level 5 in Invocations
 10605 | D:10     | Found a blossoming altar of Fedhas.
 10916 | D:11     | Reached ** piety under Okawaru
 11182 | D:11     | Noticed a two-headed ogre
 11191 | D:11     | Killed a two-headed ogre
 11398 | D:11     | Noticed a tengu warrior
 11427 | D:11     | Killed a tengu warrior
 11565 | D:11     | Reached *** piety under Okawaru
 11898 | D:11     | Reached XP level 12. HP: 75/75 MP: 19/19
 11928 | D:11     | Noticed Urug
 11943 | D:11     | Killed Urug
 11943 | D:11     | Reached skill level 10 in Invocations
 12630 | D:12     | Reached **** piety under Okawaru
 12962 | D:12     | Noticed a two-headed ogre
 13127 | D:12     | Killed a two-headed ogre
 13127 | D:12     | Reached skill level 11 in Axes
 13688 | D:12     | Reached ***** piety under Okawaru
 13774 | D:12     | Noticed Erolcha
 13787 | D:12     | Killed Erolcha
 13879 | D:12     | Reached skill level 10 in Fighting
 13912 | D:12     | Reached skill level 10 in Armour
 14185 | D:13     | Received a gift from Okawaru
 14197 | D:13     | Reached XP level 13. HP: 78/83 MP: 20/20
 14222 | D:13     | Got a warped cloak {god gift}
 14234 | D:13     | Identified the +2 cloak of Magic {rPois Regen+} (Okawaru
                  | gifted it to you on level 13 of the Dungeon)
 15111 | Lair:1   | Entered Level 1 of the Lair of Beasts
 16417 | Lair:2   | You fall into a shaft and drop 1 floor!
 16476 | Lair:3   | Reached skill level 12 in Axes
 16777 | Lair:3   | Reached ****** piety under Okawaru
 17148 | Lair:3   | Found a hole to the Spider Nest.
 17153 | Lair:3   | Received a gift from Okawaru
 17428 | Lair:4   | Identified the +7 trident of the Equinox {antimagic, rElec
                  | rPois Dex-2}
 17430 | Lair:4   | Noticed Pamm's ghost (journeyman NaWz)
 17450 | Lair:4   | Found a bloodstained altar of Trog.
 17454 | Lair:4   | Found a transporter.
 17456 | Lair:4   | Found a transporter.
 18031 | Lair:4   | Found a staircase to the Swamp.
 18244 | Lair:4   | Gained mutation: Your large and strong wings let you fly
                  | indefinitely. [Gargoyle growth]
 18244 | Lair:4   | Reached XP level 14. HP: 75/91 MP: 18/21
 18297 | Lair:4   | Killed Pamm's ghost
 18635 | Lair:5   | Found a viscous altar of Jiyva.
 18636 | Lair:5   | Found a staircase to the Slime Pits.
 18805 | Lair:5   | Received a gift from Okawaru
 19414 | Lair:6   | Entered Level 6 of the Lair of Beasts
 19499 | Lair:6   | Received a gift from Okawaru
 20037 | Lair:6   | Reached skill level 13 in Axes
 20046 | Lair:6   | Reached skill level 10 in Evocations
 20079 | Lair:6   | Received a gift from Okawaru
 20768 | Lair:6   | Noticed a dire elephant
 20768 | Lair:6   | Noticed a dire elephant
 20778 | Lair:6   | Noticed a dire elephant
 20804 | Lair:6   | Killed a dire elephant
 20804 | Lair:6   | Killed a dire elephant
 20804 | Lair:6   | Reached XP level 15. HP: 49/97 MP: 22/22
 20935 | Lair:6   | Got a wavering amber ring
 21220 | Orc:1    | Entered Level 1 of the Orcish Mines
 21451 | Orc:1    | Found Soazimo's Food Shoppe.
 21552 | Orc:2    | Entered Level 2 of the Orcish Mines
 21552 | Orc:2    | Found Anumec's Antique Weapon Boutique.
 21552 | Orc:2    | Noticed an orc warlord
 21590 | Orc:1    | Killed an orc warlord
 21706 | Orc:2    | Noticed an orc warlord
 21731 | Orc:1    | HP: 3/98 [orc knight/+2 war axe (28)]
 21871 | Orc:1    | Killed an orc warlord
 22224 | Orc:1    | Received a gift from Okawaru
 22227 | Orc:1    | Got a transparent helmet {god gift}
 22424 | Orc:2    | Found Taosakh's General Store.
 22457 | Orc:2    | Reached skill level 14 in Axes
 22696 | Orc:1    | Noticed an orc warlord
 22798 | Orc:2    | Killed an orc warlord
 23070 | Orc:2    | Found a staircase to the Elven Halls.
 23100 | Orc:2    | Found Sumotual's Antique Armour Emporium.
 23197 | Orc:2    | Found Ocwumits's Book Shop.
 23238 | Orc:2    | Noticed Josephine
 23247 | Orc:2    | Killed Josephine
 23251 | Orc:2    | Noticed an orc warlord
 23292 | Orc:2    | Killed an orc warlord
 23292 | Orc:2    | Received a gift from Okawaru
 23360 | Orc:2    | Found a roughly hewn altar of Beogh.
 23849 | Orc:2    | Bought a potion of heal wounds for 70 gold pieces
 23849 | Orc:2    | Bought a scroll of acquirement for 728 gold pieces
 23849 | Orc:2    | Bought a scroll of teleportation for 42 gold pieces
 23849 | Orc:2    | Bought a scroll of identify for 28 gold pieces
 23869 | Orc:2    | Identified the +0 helmet of Atai {+Fly Str+2} (Okawaru
                  | gifted it to you on level 1 of the Orcish Mines)
 23873 | Orc:2    | Got a pair of dazzling boots
 24139 | D:14     | Reached XP level 16. HP: 104/104 MP: 25/25
 24385 | D:14     | Found Gozag's Platinum Reserve.
 24414 | D:14     | Found an opulent altar of Gozag.
 24433 | D:14     | Identified the +1 pair of boots "Leossuk" {rElec rCorr}
                  | (You acquired it on level 2 of the Orcish Mines)
 24434 | D:14     | Identified the ring of the Hare {+Fly Int+7} (You found it
                  | on level 6 of the Lair of Beasts)
 25075 | D:14     | Reached skill level 15 in Axes
 25085 | D:14     | Found a gate to the Vaults.
 25210 | D:14     | Noticed Agnes
 25225 | D:14     | Killed Agnes
 25422 | D:15     | Entered Level 15 of the Dungeon
 25422 | D:15     | Noticed Rupert
 25426 | D:15     | Killed Rupert
 25428 | D:15     | Noticed Azrael
 25520 | D:14     | Received a gift from Okawaru
 25568 | D:15     | Noticed Jorgrun
 25737 | D:14     | Killed Azrael
 25791 | D:15     | Killed Jorgrun
 26006 | D:15     | Noticed Nessos
 26014 | D:15     | Killed Nessos
 26059 | D:15     | Received a gift from Okawaru
 26929 | D:15     | Found a staircase to the Depths.
 27220 | Swamp:1  | Entered Level 1 of the Swamp
 27748 | Swamp:1  | Received a gift from Okawaru
 27748 | Swamp:1  | Reached skill level 16 in Axes
 27748 | Swamp:1  | Reached XP level 17. HP: 75/108 MP: 24/27
 28049 | Swamp:1  | Got a pair of slimy gloves
 28050 | Swamp:1  | Identified the +2 pair of gloves of Creativity {Dex+4} (You
                  | found it on level 1 of the Swamp)
 29456 | Swamp:3  | Found a transporter.
 29456 | Swamp:3  | Noticed Ekoesut's ghost (adept GrFi)
 29469 | Swamp:3  | Found a transporter.
 29728 | Swamp:3  | Received a gift from Okawaru
 29794 | Swamp:3  | Killed Ekoesut's ghost
 29894 | Swamp:3  | Got a vibrating granite ring
 30141 | Swamp:3  | Identified the ring "Builoom" {Ice Int+2 Dex+5 Stlth+} (You
                  | found it on level 3 of the Swamp)
 30167 | Swamp:4  | Entered Level 4 of the Swamp
 30431 | Swamp:4  | Received a gift from Okawaru
 30571 | Swamp:4  | Reached skill level 17 in Axes
 30701 | Swamp:4  | Reached skill level 15 in Evocations
 31069 | Swamp:4  | Received a gift from Okawaru
 31154 | Swamp:4  | Noticed Nikola
 31201 | Swamp:4  | Killed Nikola
 31201 | Swamp:4  | Reached XP level 18. HP: 92/114 MP: 9/29
 31312 | Swamp:4  | Got a decaying rune of Zot
 31782 | Spider:1 | Entered Level 1 of the Spider Nest
 31846 | Spider:1 | Noticed Aizul
 31849 | Spider:1 | Reached skill level 18 in Axes
 31873 | Spider:1 | Killed Aizul
 32203 | Spider:1 | Received a gift from Okawaru
 32293 | Spider:1 | Noticed Kirke
 32308 | Spider:1 | Killed Kirke
 32993 | Spider:2 | Received a gift from Okawaru
 32999 | Spider:2 | Got a jewelled executioner's axe {god gift}
 33007 | Spider:2 | Identified the +7 executioner's axe of Currency {antimagic,
                  | Str-4 Int-4 Dex+8 SInv} (Okawaru gifted it to you on level
                  | 2 of the Spider Nest)
 33945 | Spider:3 | Reached skill level 19 in Axes
 34290 | Spider:3 | Received a gift from Okawaru
 34440 | Spider:4 | Entered Level 4 of the Spider Nest
 34540 | Spider:4 | Noticed Bai Suzhen
 34835 | Spider:3 | Killed Bai Suzhen
 35290 | Spider:4 | Received a gift from Okawaru
 35297 | Spider:4 | Reached XP level 19. HP: 94/119 MP: 30/30
 35329 | Spider:4 | Got a pair of polished boots {god gift}
 35365 | Spider:4 | Reached skill level 20 in Axes
 35826 | Spider:4 | Got a gossamer rune of Zot
 36242 | Vaults:1 | Entered Level 1 of the Vaults
 36779 | Vaults:1 | Received a gift from Okawaru
 37231 | Vaults:1 | Reached skill level 21 in Axes
 37324 | Vaults:1 | Received a gift from Okawaru
 38086 | Vaults:1 | You are sucked into a shaft and drop 1 floor!
 38195 | Vaults:2 | Received a gift from Okawaru
 38323 | Vaults:2 | Identified the +2 pair of boots of the Untouchables {-Cast
                  | rElec Dex-4 SInv} (Okawaru gifted it to you on level 4 of
                  | the Spider Nest)
 38384 | Vaults:2 | Reached XP level 20. HP: 94/124 MP: 31/31
 38570 | Vaults:2 | Found Gyumeshri's Assorted Antiques.
 38573 | Vaults:2 | Bought a scroll of identify for 48 gold pieces
 39182 | Vaults:2 | Received a gift from Okawaru
 39399 | Vaults:2 | Found Zayfeyn's Assorted Antiques.
 39410 | Vaults:2 | Reached skill level 22 in Axes
 39422 | Vaults:2 | Bought a potion of heal wounds for 120 gold pieces
 39422 | Vaults:2 | Bought a potion of haste for 240 gold pieces
 39422 | Vaults:2 | Bought a scroll of fear for 84 gold pieces
 39584 | Vaults:2 | Found a staircase to the Crypt.
 40217 | Vaults:3 | Received a gift from Okawaru
 41058 | Vaults:3 | Received a gift from Okawaru
 41142 | Vaults:3 | Reached skill level 23 in Axes
 41657 | Vaults:3 | Reached XP level 21. HP: 129/129 MP: 32/32
 42414 | Vaults:4 | Received a gift from Okawaru
 42635 | Vaults:4 | Reached skill level 24 in Axes
 42768 | Vaults:4 | Found Veimn's Antique Weapon Boutique.
 43345 | Vaults:1 | Received a gift from Okawaru
 43754 | Orc:2    | Bought a shiny plate armour for 858 gold pieces
 43754 | Orc:2    | Bought a runed plate armour for 858 gold pieces
 43878 | Elf:1    | Entered Level 1 of the Elven Halls
 43954 | Elf:1    | Found a ruined gateway.
 43981 | Elf:1    | Found a white marble altar of Elyvilon.
 43981 | Elf:1    | Found a glowing golden altar of the Shining One.
 43981 | Elf:1    | Found a glowing silver altar of Zin.
 43988 | Desolati | Entered the Desolation of Salt
 44218 | Desolati | HP: 6/129 [halazid warlock/bolt of cold (38)]
 44234 | Desolati | Identified the Tome of Dusty Conjuration
 44237 | Desolati | Got a shimmering bronze amulet
 44291 | Desolati | Got a translucent plate armour
 44292 | Desolati | Identified the +7 plate armour of Sif Muna's Approval {rC++
                  | Dex-2 SInv} (You found it in the Desolation of Salt)
 44386 | Desolati | Identified the Incunabulum of the Entourage and
                  | Transmigration
 44461 | Desolati | Received a gift from Okawaru
 44485 | Desolati | Identified the +2 robe of the Equinox {Regen+ Dex+2}
 44497 | Desolati | Got a clouded iron ring
 44503 | Desolati | Got a scintillating lead ring
 44623 | Desolati | Reached XP level 22. HP: 135/135 MP: 33/33
 44653 | Desolati | Reached skill level 25 in Axes
 44719 | Desolati | Identified Vuatuos's Reference Book on Earthen Hexes
 44764 | Desolati | Got a scorched steel ring
 44776 | Desolati | Identified the amulet of the Tempest {Gourm +Inv rC- rN+}
                  | (You found it in the Desolation of Salt)
 45266 | Elf:1    | Identified the ring "Kufeif" {*Tele +Fly rC+} (You found it
                  | in the Desolation of Salt)
 45285 | Elf:1    | Identified the ring "Donyc" {rC+ rN+ Str+3 Int-2 Stlth+}
                  | (You found it in the Desolation of Salt)
 45484 | Elf:1    | Found the +7 Singing Sword {slice, sonic wave}
 46283 | Depths:1 | Entered Level 1 of the Depths
 46642 | Depths:1 | Received a gift from Okawaru
 46746 | Depths:1 | Found the +2 pair of boots of the Assassin {Detection Stab+
                  | Stlth++}
 46763 | Depths:1 | Found a one-way gate leading to the halls of Pandemonium.
 46912 | Depths:1 | Gained mutation: Armour fits poorly on your strangely
                  | shaped body. [a shining eye]
 47266 | Depths:1 | Found a gateway to Hell.
 48072 | Depths:2 | Reached skill level 26 in Axes
 48176 | Depths:2 | Found Qelos's Food Boutique.
 48188 | Depths:2 | Identified the ring "Forphiuck" {Int+3 SInv} (You found it
                  | in the Desolation of Salt)
 48206 | Depths:2 | Found an iron altar of Okawaru.
 48768 | Depths:2 | Gained mutation: You are weak. (Str -2) [a shining eye]
 48818 | Depths:2 | Received a gift from Okawaru
 49435 | Depths:3 | Reached XP level 23. HP: 48/141 MP: 34/34
 50425 | Depths:3 | Received a gift from Okawaru
 50448 | Depths:3 | Identified the +1 pair of gloves of a Labyrinth {+Blink MR+
                  | Int-4} (Okawaru gifted it to you on level 3 of the Depths)
 50506 | Depths:3 | Paralysed by a floating eye for 4 turns
 50522 | Depths:3 | Noticed a caustic shrike
 50530 | Depths:3 | Killed a caustic shrike
 50697 | Depths:3 | Noticed a golden dragon
 50710 | Depths:3 | Killed a golden dragon
 50828 | Depths:3 | Reached skill level 15 in Armour
 50943 | Depths:3 | Identified Vushrepp's Collected Works on Clay and Calling
 51161 | Depths:4 | Reached skill level 15 in Fighting
 51461 | Depths:4 | Noticed a caustic shrike
 51473 | Depths:4 | Killed a caustic shrike
 51792 | Depths:4 | Received a gift from Okawaru
 51795 | Depths:4 | Got a crude crystal plate armour {god gift}
 51907 | Depths:4 | Identified the +4 crystal plate armour of Kearut {*Contam
                  | Str+7} (Okawaru gifted it to you on level 4 of the Depths)
 51946 | Depths:4 | Found a one-way gate to the infinite horrors of the Abyss.
 52032 | Depths:4 | Noticed Mennas
 52047 | Depths:4 | HP: 6/146 [spark wasp (glowing shapeshifter) (5)]
 53111 | Depths:4 | Killed Mennas
 53111 | Depths:4 | Reached XP level 24. HP: 132/154 MP: 28/34
 53190 | Depths:5 | Entered Level 5 of the Depths
 53289 | Depths:5 | Found a gateway to a ziggurat.
 53839 | Depths:5 | Received a gift from Okawaru
 54039 | Depths:5 | Noticed a caustic shrike
 54044 | Depths:5 | Noticed a caustic shrike
 54044 | Depths:5 | Noticed a caustic shrike
 54050 | Depths:5 | Killed a caustic shrike
 54054 | Depths:5 | Killed a caustic shrike
 54072 | Depths:5 | Killed a caustic shrike
 54226 | Depths:5 | Noticed a caustic shrike
 54246 | Depths:4 | Killed a caustic shrike
 54247 | Depths:4 | Mangled by a caustic shrike simulacrum

Levels and vault maps discovered:
D:1:      dpeg_arrival_tiny_g, layout_basic, serial_forest,
          infiniplex_forest_lined_2, infiniplex_forest_end_double,
          infiniplex_forest_straight_3, infiniplex_forest_straight_2,
          infiniplex_forest_clump_small
D:2:      layout_rooms, grunt_temple_overflow_growth_and_decay,
          lemuel_round_altar, first_ration
D:3:      layout_basic, grunt_temple_overflow_open, minmay_misc_feat_diagonals,
          wad_floor_pattern_2, uniq_sigmund, uniq_grinder, uniq_robin,
          uniq_natasha
D:4:      layout_rooms, nicolae_ossuary_entry_giza, guppyfry_early_orc_mine
D:5:      layout_basic
D:6:      layout_gridville, minmay_temple_entry_junction_2
D:7:      layout_basic, grunt_livestock, minmay_misc_feat_ornament, uniq_joseph
D:8:      layout_loops_corners, minmay_nine_imps, uniq_grum
D:9:      layout_loops_corners, minitemple, erik_lair_orcish_takeover,
          minmay_orc_entry_guard_dogs, enter_bailey_2,
          kennysheep_generic_room_15
D:10:     layout_roguey, fedhas_altar_4
D:11:     layout_layer_cave, kennysheep_generic_room_9, uniq_urug
D:12:     layout_loops_cross, minmay_mirror_moons_of_madness, uniq_erolcha
D:13:     layout_roguey
D:14:     layout_long_grid, david_vaults_4, hangedman_glass_teeth,
          nicolae_gozag_zags_fifth_avenue, uniq_agnes
D:15:     grunt_enter_depths_snipers, layout_cave_pools,
          serial_co_window_serial, co_window_corner_a, co_window_corner_a,
          co_window_of_opportunity_a, co_window_paths_a,
          co_window_of_opportunity_a, co_window_broadway_b,
          co_window_of_opportunity_c, co_window_cross_2, co_window_2corner,
          co_window_corner_b, co_window_4corner_b, co_window_4corner_a,
          glass_columns_a, glass_columns_b, glass_columns_b, glass_columns_a,
          chequers_serial_rivers_room_b, uniq_rupert, uniq_nessos, uniq_jorgrun,
          uniq_azrael
Temple:   eino_temple_lava
Lair:1:   layout_loops_ring, nicolae_quartered_pool_super
Lair:2:   layout_gridlike, grunt_megastairs_3
Lair:3:   layout_loops_ring, spider_nest_entry_a
Lair:4:   layout_long_grid, minmay_swamp_entry_worms,
          gammafunk_ghost_wrathful_warriors, serial_bayou_shore_b
Lair:5:   layout_big_grid, slime_altar_1, serial_bayou_pond_b,
          chequers_serial_rivers_micro_b, minmay_lair_oklob_chamber,
          lemuel_fruit_fields, infiniplex_staircase_pool
Lair:6:   due_jungle_book, layout_cave_pods
Swamp:1:  layout_falls_marsh, serial_swamp_ruin, hangedman_swamp_ruin_hall,
          evilmike_swamp_ruin_house_2
Swamp:2:  layout_falls_marsh, evilmike_swamp_ruin_rubble_2, grunt_witch_cave,
          infiniplex_staircase_pool_2
Swamp:3:  layout_basic_swamp, gammafunk_ghost_berserking_beasts,
          evilmike_swamp_ruin_wall
Swamp:4:  swamp_alternative, layout_basic_swamp, uniq_nikola
Spider:1: layout_spider_delve, worms_lemuel, uniq_aizul, uniq_kirke
Spider:2: layout_spider_delve
Spider:3: layout_spider_delve
Spider:4: grunt_spider_rune_circles, drop_trap, uniq_bai_suzhen
Orc:1:    layout_diamond_mine, serial_shops, shop
Orc:2:    grunt_orc_gardens, layout_caves, grunt_orc_garden, grunt_orc_garden,
          grunt_orc_garden, grunt_orc_garden, basic_altar, uniq_josephine
Elf:1:    eino_elf_arrival_shootout, layout_gridlike,
          portal_desolation_entry_holy_temple, hangedman_elf_represent
Vaults:1: nicolae_vaults_network_square, st_quartered_hall,
          ontoclasm_vaults_pinch, nicolae_vaults_little_squares_4,
          hangedman_vaults_pinch, grunt_vaults_funnel, grunt_vaults_swirl,
          hangedman_vaults_slice, vaults_room_door_hall,
          grunt_vaults_hallway_long, v_alt_pattern_3, vaults_room_door_ring,
          nicolae_vaults_asterisk, nicolae_vaults_little_ls,
          nicolae_vaults_specimen_jars, layout_vaults_ring
Vaults:2: nicolae_vaults_back_hallway, vaults_dpeg_cross,
          dpeg_vaults_monster_box, vaults_room_semicircle,
          vaults_room_large_hall, minmay_crypt_entry_simple_statues,
          ontoclasm_vaults_spin, vaults_room_fours, layout_vaults_quadrants,
          serial_shops, nicolae_shop_behind_doors, shop
Vaults:3: nicolae_vaults_network_barrier, vaults_room_pools, st_spiral_rooms,
          hangedman_vaults_slither, nicolae_vaults_triangles, v_misc_13,
          v_alt_pattern_5, layout_vaults_omnicross
Vaults:4: nicolae_vaults_windows_and_doors_thing,
          nicolae_vaults_little_squares_4, vaults_room_fours,
          hangedman_vaults_slice, v_misc_18, nicolae_vaults_alarming,
          vaults_standard_mumra_x, vaults_room_semicircle,
          grunt_vaults_hallway_long, nicolae_vaults_asterisk,
          hangedman_vaults_corner_blocks, v_misc_22, v_misc_14,
          nicolae_vaults_rhombus_7, layout_vaults_omnibox, serial_shops, shop
Depths:1: layout_roguey, grunt_hell_entry_dis_mu, serial_aquarium,
          aquarium_bridge_long_joined [aquarium_subvault_balcony,
          aquarium_subvault_bridge, aquarium_subvault_wall,
          aquarium_subvault_wall, aquarium_subvault_wall,
          aquarium_subvault_bridge], aquarium_bridge_square
          [aquarium_subvault_wall, aquarium_subvault_bridge,
          aquarium_subvault_window, aquarium_subvault_wall], aquarium_window_2,
          aquarium_window_fake, aquarium_view_4, hangedman_decor_points,
          rand_demon_pan_entry_8, nicolae_water_bricks, st_stairs_9,
          minmay_misc_feat_enclosed, minivault_22, minmay_tree_intersection,
          hangedman_decor_growths
Depths:2: kennysheep_scales, layout_cave_shapes, pf_hell_entry_tar_river,
          okawaru_ov_weapons_minmay, serial_shops, nicolae_shop_crystal,
          grunt_megastairs_2, roderic_lattice_octagonal_star,
          minmay_staircase_statues
Depths:3: kennysheep_large_spiral, layout_cave_pools, pan_entry,
          nrook_mini_backslash, pf_hell_entry_great_geh, minmay_microvault
Depths:4: minmay_the_grid_4x2 [minmay_the_grid_aliased_spiral,
          minmay_the_grid_small_cups, minmay_the_grid_slots,
          minmay_the_grid_mess, minmay_the_grid_odd_star,
          minmay_the_grid_dragon_a, minmay_the_grid_diamond_grid,
          minmay_the_grid_prize_inner_circle], layout_cave_shapes,
          abyss_entry_crystal, hell_entry, infiniplex_staircase_squiggle,
          serial_bayou_shore_b, uniq_mennas
Depths:5: evilmike_zot_entry_basic, layout_basic, enter_ziggurat_f, hell_entry,
          chequers_serial_rivers_large_b

Skill      XL: |  1  2  3  4  5  6  7  8  9 10 11 12 13 14 15 16 17 18 19 20 21 22 23 24 |
---------------+-------------------------------------------------------------------------+-----
Axes           | 2 3 4 6 8 9 10 11 12 13 14 16 17 19 21 23 24 26 | 26.0
Fighting       | 5 7 8 10 11 12 13 16 17 | 17.4
Armour         | 5 6 8 10 11 12 13 16 17 | 17.4
Evocations     | 3 5 7 8 10 12 13 15 | 15.0
Invocations    | 9 10 | 10.2
Shields        | |  3.2

Action                   |  1- 3 |  4- 6 |  7- 9 | 10-12 | 13-15 | 16-18 | 19-21 | 22-24 || total
-------------------------+-------+-------+-------+-------+-------+-------+-------+-------++-------
Melee: War axe           |    85 |       |       |       |       |       |       |       ||    85
       Whip              |    27 |    96 |   452 |   661 |       |       |       |       ||  1236
       Demon trident     |       |       |       |   230 |  1498 |  1925 |   327 |       ||  3980
       Trident           |       |       |       |       |     6 |    59 |       |       ||    65
       Executioner's axe |       |       |       |       |       |       |  1024 |   938 ||  1962
Invok: Heroism           |       |       |       |     3 |    16 |    11 |    21 |    18 ||    69
       Finesse           |       |       |       |     1 |     1 |     7 |     4 |     1 ||    14
 Abil: Fly               |       |       |       |       |     1 |     1 |       |     1 ||     3
       Stop Flying       |       |       |       |       |     1 |       |     1 |       ||     2
Evoke: Wand              |       |       |       |     4 |     2 |     2 |       |       ||     8
       Lamp of fire      |       |       |       |       |     2 |     6 |     3 |       ||    11
       Lightning rod     |       |       |       |       |     5 |    11 |     4 |       ||    20
       Phantom mirror    |       |       |       |       |       |     1 |       |       ||     1
  Use: Scroll            |       |       |    12 |     7 |    13 |    10 |    10 |    10 ||    62
       Potion            |       |       |     1 |     2 |     2 |     1 |     4 |     1 ||    11
 Stab: Paralysed         |       |       |       |     7 |       |       |       |       ||     7
       Confused          |       |       |       |       |       |     4 |       |       ||     4
       Distracted        |       |       |       |       |       |       |     2 |       ||     2
  Eat: Chunk             |       |     3 |    14 |    20 |    25 |    26 |    28 |    25 ||   141
       Ration            |       |       |       |     3 |     3 |     3 |     1 |     2 ||    12
Armor: Scale mail        |    72 |    58 |    28 |       |       |       |       |       ||   158
       Plate armour      |       |       |   189 |   488 |  1009 |       |       |       ||  1686
       Crystal plate arm |       |       |       |       |    26 |  2101 |  1108 |       ||  3235
       Chain mail        |       |       |       |       |       |       |   173 |   768 ||   941
Dodge: Dodged            |    52 |    36 |    72 |   118 |   293 |   313 |   403 |   386 ||  1673
Block: Shield            |    57 |    56 |   183 |   390 |   915 |  1219 |   177 |       ||  2997
       Reflection        |       |       |       |       |    10 |    34 |     4 |       ||    48

Table legend:
 A = Non-vault XP
 B = Vault XP
 C = Vault XP percentage of total XP
 D = Non-vault monster count
 E = Vault monster count
 F = Vault count percentage of total count
                 A         B        C        D         E       F
            +---------+---------+-------+---------+---------+-------
      Total |  541288 |  347300 |  39.1 |    1329 |     531 |  28.5
            +---------+---------+-------+---------+---------+-------
        D:1 |      49 |       0 |   0.0 |      25 |       0 |   0.0
        D:2 |      72 |       0 |   0.0 |      20 |       0 |   0.0
        D:3 |     264 |     560 |  68.0 |      30 |      12 |  28.6
        D:4 |     238 |     249 |  51.1 |      19 |      10 |  34.5
        D:5 |     637 |       0 |   0.0 |      20 |       0 |   0.0
        D:6 |    1223 |       0 |   0.0 |      30 |       0 |   0.0
        D:7 |     563 |    1130 |  66.7 |      14 |       6 |  30.0
        D:8 |    1255 |     692 |  35.5 |      29 |      12 |  29.3
        D:9 |    1126 |     944 |  45.6 |       8 |      11 |  57.9
       D:10 |    3607 |       0 |   0.0 |      37 |       0 |   0.0
       D:11 |    6341 |     895 |  12.4 |      33 |       2 |   5.7
       D:12 |    6017 |    3217 |  34.8 |      27 |       8 |  22.9
       D:13 |    8023 |       0 |   0.0 |      34 |       0 |   0.0
       D:14 |   13475 |   10928 |  44.8 |      49 |      14 |  22.2
       D:15 |   13685 |    9397 |  40.7 |      29 |       6 |  17.1
     Lair:1 |    3478 |       0 |   0.0 |      16 |       0 |   0.0
     Lair:2 |    2681 |      88 |   3.2 |      12 |       1 |   7.7
     Lair:3 |    4972 |     827 |  14.3 |      17 |       3 |  15.0
     Lair:4 |    2739 |    3831 |  58.3 |      10 |      10 |  50.0
     Lair:5 |   12056 |    1220 |   9.2 |      34 |       5 |  12.8
     Lair:6 |   17242 |    2860 |  14.2 |      41 |       5 |  10.9
    Swamp:1 |   15985 |       0 |   0.0 |      36 |       0 |   0.0
    Swamp:2 |    7165 |    3542 |  33.1 |      15 |       4 |  21.1
    Swamp:3 |    8471 |    8442 |  49.9 |      25 |      13 |  34.2
    Swamp:4 |   15562 |   20616 |  57.0 |      32 |      22 |  40.7
   Spider:1 |    9677 |    9554 |  49.7 |      29 |      22 |  43.1
   Spider:2 |    9626 |       0 |   0.0 |      27 |       0 |   0.0
   Spider:3 |   13341 |    7908 |  37.2 |      38 |       4 |   9.5
   Spider:4 |   11098 |   20886 |  65.3 |      27 |      35 |  56.5
      Orc:1 |   12299 |    8117 |  39.8 |      60 |      14 |  18.9
      Orc:2 |   10464 |    6188 |  37.2 |      53 |      17 |  24.3
      Elf:1 |    8615 |   11289 |  56.7 |      15 |      14 |  48.3
   Vaults:1 |   35673 |   21414 |  37.5 |      70 |      34 |  32.7
   Vaults:2 |   27039 |    9419 |  25.8 |      49 |      12 |  19.7
   Vaults:3 |   56724 |   25278 |  30.8 |      95 |      32 |  25.2
   Vaults:4 |   22707 |   11468 |  33.6 |      33 |      22 |  40.0
   Depths:1 |   25567 |    5459 |  17.6 |      36 |       9 |  20.0
   Depths:2 |   39096 |   12066 |  23.6 |      50 |      16 |  24.2
   Depths:3 |   30241 |   25731 |  46.0 |      38 |      12 |  24.0
   Depths:4 |   41561 |   40049 |  49.1 |      35 |      24 |  40.7
   Depths:5 |   40634 |    8305 |  17.0 |      32 |       4 |  11.1
    Ossuary |       0 |     227 | 100.0 |       0 |      16 | 100.0
     Bailey |       0 |     880 | 100.0 |       0 |       6 | 100.0
 Desolation |       0 |   53624 | 100.0 |       0 |      94 | 100.0
            +---------+---------+-------+---------+---------+-------
